 Dungeon Crawl Stone Soup version 0.30-a0-930-gb9d0489357 (webtiles) character file.

Game seed: 16035921709502352719

1380 lunkers the Carver (level 9, -2/67 HPs)
             Began as a Meteoran Reaver on Mar 23, 2023.
             Was an Initiate of Makhleb.
             Slain by a troll (10 damage)
             ... on level 7 of the Dungeon on Mar 28, 2023.
             The game lasted 00:07:37 (2302 turns).

lunkers the Carver (Meteoran Reaver)                Turns: 2302, Time: 00:07:38

Health: -2/67      AC:  7    Str: 14    XL:     9   Next: 18%
Magic:  23/23      EV: 11    Int: 15    God:    Makhleb [......]
Gold:   266        SH:  0    Dex: 20    Spells: 12/13 levels left

rFire   . . .      SeeInvis .    b - +1 great sword (venom)
rCold   . . .      Faith    .    (shield currently unavailable)
rNeg    . . .      Spirit   .    h - +2 ring mail of Makhleb's Fury {Dex+3 Stlth+}
rPois   .          Reflect  .    (no helmet)
rElec   .          Rampage  .    l - scarf of Beogh's Supremacy {repulsion, Will+ Regen+}
rCorr   .                        (no gloves)
Will    ++...                    (no boots)
Stlth   +                        (no amulet)
HPRegen 1.11/turn                A - ring of magical power
MPRegen 0.18/turn                (no ring)

@: glowing, repel missiles
A: sense surroundings 2, otherworldly, glowing, explore regen
a: Renounce Religion


You were on level 7 of the Dungeon.
You worshipped Makhleb.
Makhleb was noncommittal.
You visited 1 branch of the dungeon, and saw 7 of its levels.

You collected 266 gold pieces.

Inventory:

Hand Weapons
 a - a +0 falchion
 b - a +1 great sword of venom (weapon)
Armour
 e - a +0 leather armour
 h - the +2 ring mail of Makhleb's Fury (worn) {Dex+3 Stlth+}
   (You found it on level 2 of the Dungeon)

   Dex:       It affects your dexterity (+3).
   Stlth:     It makes you more stealthy.
 i - a +4 scale mail of cold resistance
 l - the scarf of Beogh's Supremacy (worn) {repulsion, Will+ Regen+}
   (You acquired it on level 2 of the Dungeon)

   Regen:     It increases your rate of health regeneration.
   Will:      It increases your willpower.
Jewellery
 g - a ring of fire
 A - a ring of magical power (left hand)
Wands
 o - a wand of polymorph (14)
Scrolls
 f - a scroll of amnesia
 n - a scroll of blinking
 u - 3 scrolls of vulnerability
Potions
 c - a potion of flight
 d - 3 potions of mutation
 j - a potion of cancellation {unknown}
 k - a potion of haste {unknown}
 m - a potion of might {unknown}
 q - a potion of brilliance {unknown}
 r - a potion of curing
 v - a potion of lignification {unknown}
 w - a potion of heal wounds {unknown}
 x - a potion of magic {unknown}


   Skills:
 - Level 2.1 Fighting
 + Level 12.7 Long Blades
 - Level 2.4 Dodging
 - Level 2.6 Spellcasting
 - Level 3.6 Conjurations


You had 12 spell levels left.
You knew the following spells:

 Your Spells              Type           Power      Damage    Failure   Level
p - Kiss of Death         Conj/Necr      28%        2d7       21%         1

Your spell library contained the following spells:

 Spells                   Type           Power      Damage    Failure   Level
 Momentum Strike          Conj/Tloc      14%        3d8       30%         2
 Hailstorm                Conj/Ice       7%         3d4       52%         3
 Blink                    Tloc           4%         N/A       54%         2
 Lesser Beckoning         Tloc           4%         N/A       54%         2
 Ozocubu's Armour         Ice            2%         N/A       77%         3
 Ozocubu's Refrigeration  Ice            1%         4d7       100%        7


Dungeon Overview and Level Annotations

Branches:
Dungeon (7/15) Zot: 1841
 Temple: D:4-7

Altars:
Ashenzari
Makhleb
Nemelex Xobeh
Ru

Shops:
D:3 *(

Annotations:
D:5 1 transporter


Innate Abilities, Weirdness & Mutations

You passively map the area around you.
You are easily found by Zot.
You glow in the dark.
You regain HP and MP as you explore.


Message History

No target in view!
No target in view!
Found a leather armour.
m - a bubbling blue potion
d - 3 potions of mutation (gained 1)
You see here a +0 leather armour.
Found a quarterstaff.
Found a stone staircase leading down.
A steam dragon comes into view.
The steam dragon hisses angrily.
The steam dragon breathes steam at you. The ball of steam hits you!
The steam dragon moves out of view.
You see here a scroll of blinking.
n - a scroll of blinking You are engulfed in a cloud of scalding steam.
You are engulfed in a cloud of scalding steam.
A troll comes into view.
The steam dragon bites you. The steam dragon claws you.
* * * LOW HITPOINT WARNING * * *
You slash the steam dragon!
The steam dragon is severely wounded.
The steam dragon bites you!
* * * LOW HITPOINT WARNING * * *
The steam dragon claws you but does no damage.
You slash the troll!
The troll is poisoned.
The troll is lightly wounded.
The steam dragon closely misses you. The steam dragon claws you.
* * * LOW HITPOINT WARNING * * *
The troll bites you.
* * * LOW HITPOINT WARNING * * *
The troll claws you.
* * * LOW HITPOINT WARNING * * *
The troll barely misses you.
You slice the troll!!
The troll looks as sick as possible!
The troll is severely wounded.
The steam dragon breathes steam at you. The ball of steam hits you!
* * * LOW HITPOINT WARNING * * *
The troll bites you!
You die...

* ...#...# * ,
#######.#...# *,
..........### **
#######.########## , ,
*#................ ,.
,,,, ,
#.....##..########.. ,
, ,,
+...........#........ ,
,
,,##....)##.#...D......
, , * ,
#.....*#.##.@T...... ,,
#..... #.##§>.......,
,, #.....*#..§....####.
, ,, * ######### *** *
, * * *


You could see a troll (extremely poisoned) and a steam dragon (catching breath).

Vanquished Creatures
  Grinder (D:5)
  Edmund (D:4)
  An ice beast (D:6)
  3 black bears
  2 phantoms
  A scorpion (D:6)
  A lava snake (D:7)
  An orc priest (D:7)
  A hound (D:5)
  3 jellies
  3 iguanas
  Terence (D:2)
  2 orc wizards
  7 adders
  3 gnolls (D:5)
  A white imp (D:3)
  2 dart slugs
  11 orcs
  7 ball pythons
  2 endoplasms (D:3)
  3 giant cockroaches
  6 goblins
  3 hobgoblins
  4 jackals (D:2)
  6 kobolds
  5 quokkas
  6 bats
  2 frilled lizards
  5 rats
94 creatures vanquished.

Notes
Turn   | Place    | Note
-------+----------+-------------------------------------------
     0 | D:1      | lunkers the Meteoran Reaver began the quest for the Orb.
     0 | D:1      | Reached XP level 1. HP: 17/17 MP: 5/5
    67 | D:1      | Reached skill level 4 in Long Blades
    76 | D:1      | Reached XP level 2. HP: 15/24 MP: 6/6
   242 | D:1      | Reached XP level 3. HP: 29/29 MP: 8/8
   265 | D:2      | Identified a scroll of acquirement
   265 | D:2      | Acquired a +1 great sword of flaming
   298 | D:2      | Reached skill level 5 in Long Blades
   358 | D:2      | Identified the +2 ring mail of Makhleb's Fury {Dex+3
                  | Stlth+}
   399 | D:2      | Reached XP level 4. HP: 36/36 MP: 9/9
   405 | D:2      | Noticed Terence
   428 | D:2      | Killed Terence
   433 | D:2      | Reached skill level 6 in Long Blades
   433 | D:2      | Reached XP level 5. HP: 13/36 MP: 7/10
   510 | D:2      | Acquired the scarf of Beogh's Supremacy {repulsion, Will+
                  | Regen+}
   875 | D:3      | Found Jomacas's General Store.
   894 | D:3      | Reached skill level 7 in Long Blades
   962 | D:3      | Found Pumenoen's Antique Weapon Boutique.
   966 | D:3      | Reached XP level 6. HP: 41/46 MP: 11/11
  1123 | D:4      | Noticed Edmund
  1138 | D:4      | Killed Edmund
  1139 | D:4      | Reached skill level 8 in Long Blades
  1155 | D:4      | Noticed a black bear
  1156 | D:4      | Found a broken altar of Ashenzari.
  1165 | D:4      | Killed a black bear
  1166 | D:4      | Reached XP level 7. HP: 34/55 MP: 12/12
  1177 | D:5      | Entered Level 5 of the Dungeon
  1178 | D:5      | Noticed Grinder
  1185 | D:5      | Killed Grinder
  1186 | D:5      | Reached skill level 9 in Long Blades
  1222 | D:5      | Reached skill level 10 in Long Blades
  1222 | D:5      | Reached XP level 8. HP: 61/61 MP: 13/13
  1279 | D:5      | Found a sacrificial altar of Ru.
  1389 | D:5      | Found a sparkling altar of Nemelex Xobeh.
  1389 | D:5      | Found a transporter.
  1389 | D:5      | Noticed a two-headed ogre
  1512 | D:6      | Reached skill level 11 in Long Blades
  2101 | D:7      | Reached skill level 12 in Long Blades
  2101 | D:7      | Gained mutation: You passively map the area around you.
                  | [Meteoran growth]
  2101 | D:7      | Reached XP level 9. HP: 40/67 MP: 14/14
  2150 | D:7      | Found a burning altar of Makhleb.
  2161 | D:7      | Became a worshipper of Makhleb the Destroyer
  2299 | D:7      | Noticed a troll
  2302 | D:7      | Slain by a troll

Illustrated notes

Levels and vault maps discovered:
D:1:      elethiomel_arrival_infinity_welcomes_careful_drivers,
          layout_loops_cross, st_stairs_1
D:2:      layout_rooms, skrybe_limestone_x, grunt_ministairs_3, uniq_terence
D:3:      layout_loops_ring, serial_shops, nicolae_square_shop,
          nicolae_shop_stone, minmay_misc_feat_rugged
D:4:      layout_cave_pools, lemuel_crystal_altar, uniq_edmund, uniq_ijyb
D:5:      layout_loops_ring, nicolae_overflow_hidden_temple,
          grunt_nemelex_the_gamble, minmay_temple_entry_glassed_door,
          uniq_grinder, uniq_sigmund
D:6:      layout_loops_corners
D:7:      layout_basic, kennysheep_little_box, lightli_temple_of_fire

Skill      XL: |  1  2  3  4  5  6  7  8 |
---------------+-------------------------+-----
Long Blades    | 4 5 6 7 8 10 12 | 12.7
Fighting       | |  2.1
Dodging        | |  2.4
Spellcasting   | |  2.6
Conjurations   | |  3.6

Action                     |  1- 3 |  4- 6 |  7- 9 || total
---------------------------+-------+-------+-------++-------
  Melee: Falchion          |    35 |       |       ||    35
         Great sword       |    18 |    89 |    95 ||   202
   Cast: Kiss of Death     |       |     3 |       ||     3
    Use: Scroll            |     1 |     1 |    12 ||    14
   Stab: Distracted        |       |     1 |       ||     1
         Sleeping          |       |     1 |       ||     1
 Armour: Leather armour    |    14 |       |       ||    14
         Ring mail         |     4 |    61 |    51 ||   116
  Dodge: Dodged            |    20 |    48 |    36 ||   104
         Repelled          |       |     1 |     1 ||     2

Table legend: (Time is in decaauts)
 A = Elapsed time spent in this place.
 B = Non-inter-level travel time spent in this place.
 C = Inter-level travel time spent in this place.
 D = Time resting spent in this place.
 E = Time spent auto-exploring this place.
 F = Levels seen in this place.
 G = Mean time per level.
                   A        B        C        D        E       F      G
               +--------+--------+--------+--------+--------+-----+--------+
         Total |   2357 |   2195 |    162 |      0 |   1453 |   7 |  336.7 |
       Dungeon |   2357 |   2195 |    162 |      0 |   1453 |   7 |  336.7 |
               +--------+--------+--------+--------+--------+-----+--------+

Top non-repeatable levels by time:
     D:6: 497 daAuts
     D:2: 400 daAuts
     D:3: 337 daAuts
     D:5: 336 daAuts
     D:7: 303 daAuts
     D:1: 267 daAuts
     D:4: 214 daAuts
